AoeStats
← 海峡

Migration

504514711Analyzed
1v1 RM · 28d ago on Sep 5, 2026· 48m 19s· 2 players
Game mode
Random Map
Map size
132×132
Population
200
Speed
Normal
Resources
Standard
Victory
Conquest
Starting age
Dark Age
Ending age
Imperial Age
RankedLock teamsTeams togetherTeam positionsShared explorationLock speedFull tech treeHidden civsTurbo modeCheats
Victory
Defeat
1729
+18
🇨🇳 Inca · China
1783
-18
GdR_Scranton Strangler
12:30 Feudal Age
13:13 Double-Bit Axe
13:19 Fishing Lines
16:07 Castle Age
14:19 Gold Mining
17:11 Medium Warships
17:06 Loom
17:49 Bow Saw
20:15 Wheelbarrow
19:26 Town Watch
20:50 Forging
22:17 Iron Casting
24:15 Hand Cart
28:55 Imperial Age
26:43 Hand Cart
27:56 Fletching
28:32 Ballistics
28:35 Gillnets
30:13 Heavy Warships
30:13 Horse Collar
31:01 Bodkin Arrow
32:23 Bracer
31:52 Crossbowman
33:22 Conscription
33:20 Crossbowman
36:25 Chemistry
35:27 Padded Archer Armor
40:58 Heavy Plow
41:25 Leather Archer Armor
41:16 Light Cavalry
41:56 Husbandry
42:49 Scale Barding Armor
44:07 Blast Furnace
44:24 Chain Barding Armor
44:58 Ring Archer Armor
46:11 Wootz Steel
49:27 Two-Man Saw
海峡
7:17 Loom
14:42 Feudal Age
13:05 Loom
15:22 Fishing Lines
15:31 Double-Bit Axe
15:37 Gold Mining
18:25 Castle Age
16:49 Forging
18:17 Wheelbarrow
19:17 Bow Saw
19:01 Gillnets
19:22 Medium Warships
20:08 Gold Shaft Mining
20:40 Iron Casting
20:34 Scale Mail Armor
20:57 Hand Cart
20:13 Champi Runner
21:06 Town Watch
21:21 Champi Warrior
24:58 Careening
25:14 Chain Mail Armor
25:02 Squires
24:48 Arson
26:02 Treadmill Crane
33:28 Imperial Age
34:50 Heavy Warships
34:01 Capped Ram
41:42 Town Patrol
44:53 Conscription
45:09 Hoardings
44:36 Andean Sling
44:00 Elite Skirmisher
45:52 Fletching
46:24 Ballistics
46:19 Padded Archer Armor
46:46 Bodkin Arrow
48:51 Chemistry
47:57 Bracer
Connection lost

Rejoining the realm…

Still unreachable

The connection could not be restored.

Session expired

The server has moved on; the page needs a fresh start.